 Dungeon Crawl Stone Soup version 0.29.1-2-gbd0b4ee654 (webtiles) character file.

Game seed: 154894463301734642

19 Earthwalker the Trooper (level 2, -2/27 HPs)
             Began as a Minotaur Fighter on Oct 27, 2022.
             Slain by a gnoll
             ... wielding a +0 flail
              (5 damage)
             ... on level 2 of the Dungeon.
             The game lasted 00:00:39 (821 turns).

Earthwalker the Trooper (Minotaur Fighter)           Turns: 821, Time: 00:00:40

Health: -2/27      AC:  7    Str: 20    XL:     2   Next: 55%
Magic:  1/1        EV:  9    Int:  5    God:
Gold:   16         SH:  4    Dex:  9    Spells: 1/1 levels left

rFire   . . .      SeeInvis .   a - +0 war axe
rCold   . . .      Faith    .   c - +0 buckler
rNeg    . . .      Spirit   .   b - +0 scale mail
rPois   .          Reflect  .   (helmet restricted)
rElec   .          Harm     .   (no cloak)
rCorr   .          Rampage  .   (no gloves)
Will    .....                   (no boots)
Stlth   ..........              e - amulet of the acrobat
HPRegen 0.09/turn               (no ring)
MPRegen 0.07/turn               (no ring)

@: no status effects
A: horns 2, retaliatory headbutt
a: no special abilities


You were on level 2 of the Dungeon.
You visited 1 branch of the dungeon, and saw 2 of its levels.

You collected 16 gold pieces.

Inventory:

Hand Weapons
 a - a +0 war axe (weapon)
Missiles
 g - 5 poisoned darts (quivered)
Armour
 b - a +0 scale mail (worn)
 c - a +0 buckler (worn)
Jewellery
 e - an amulet of the acrobat (around neck)
 k - an amulet of magic regeneration
Scrolls
 f - 3 scrolls of identify {unknown}
 m - a scroll of blinking {unknown}
Potions
 d - a potion of might
 h - a potion of curing {unknown}
 i - 2 potions of brilliance {unknown}
 j - 2 potions of resistance {unknown}
 l - a potion of heal wounds {unknown}
 n - a potion of cancellation {unknown}


   Skills:
 + Level 3.9 Fighting
 + Level 2.8 Axes
 + Level 3.9 Armour
 + Level 3.9 Shields


You had one spell level left.
You didn't know any spells.
Your spell library was empty.

Dungeon Overview and Level Annotations

Branches:
Dungeon (2/15)

Altars:


Innate Abilities, Weirdness & Mutations

You have a pair of horns on your head.
You reflexively headbutt those who attack you in melee.


Message History

No target in view!
Done exploring.
There is a faded altar of an unknown god here.
There is a stone staircase leading down here.
You climb downwards.
The gnoll shouts!
You hear a shout! x2
Found 13 gold pieces.
There is a stone staircase leading up here.
A quokka and 3 gnolls come into view.
The gnoll shouts! x2
The gnoll throws a throwing net.
The throwing net misses you.
The throwing net barely misses the gnoll.
You closely miss the gnoll. You headbutt the gnoll.
The gnoll is heavily wounded.
The gnoll hits you from afar with a +0 spear.
The gnoll throws a throwing net.
The throwing net hits you.
You become entangled in the net!
The gnoll hits you but does no damage.
You are held in a net!
You are held in a net!
You are held in a net!
Unknown command.
You are held in a net!
You struggle against the net.
The gnoll hits you from afar with a +0 spear.
The gnoll hits you with a +0 club. The dart slug launches a dart at you.
The slug dart misses you.
You tear a large gash into the net.
The gnoll hits you from afar with a +0 spear.
The gnoll closely misses you. The gnoll hits you but does no damage.
The dart slug bites you but does no damage.
You struggle against the net.
The quokka bites you. The gnoll hits you but does no damage.
The gnoll hits you with a +0 flail.
* * * LOW HITPOINT WARNING * * *
The gnoll hits you but does no damage.
You rip the net and break free!
The quokka bites you but does no damage.
The dart slug bites you but does no damage.
You block the gnoll's attack. The gnoll hits you with a +0 flail.
You die...

### #.# ..# #.#
# # ###.###.###
###.#..g...(...
#....$rgwg.....
#.....g@#
###.#.#<# # #.#
#.# #.# ... ...
#.# #.#


You could see 4 gnolls, a dart slug and a quokka.

Vanquished Creatures
  3 ball pythons (D:1)
  2 bats (D:1)
  2 endoplasms (D:1)
  A giant cockroach (D:1)
  2 hobgoblins (D:1)
  2 kobolds (D:1)
  A frilled lizard (D:1)
  4 rats (D:1)
17 creatures vanquished.

Notes
Turn   | Place    | Note
-------+----------+-------------------------------------------
     0 | D:1      | Earthwalker the Minotaur Fighter began the quest for the
                  | Orb.
     0 | D:1      | Reached XP level 1. HP: 19/19 MP: 0/0
   188 | D:1      | Reached XP level 2. HP: 27/27 MP: 1/1
   258 | D:1      | Found a faded altar of an unknown god.
   821 | D:2      | Slain by a gnoll

Illustrated notes

Levels and vault maps discovered:
D:1:      enne_arrival_octagon_isle, layout_basic, ebering_ecumenical_altar_hall
D:2:      layout_basic, minmay_crystal_room, uniq_sigmund,
          uniq_crazy_yiuf_cottage

Action                   || total
-------------------------++-------
Melee: War axe           ||    35
       Headbutt          ||    10
Armor: Scale mail        ||    17
Dodge: Dodged            ||    21
Block: Buckler           ||     8
